AoeStats
← vehera95

Black Forest

508047753Analyzed
2v2 RM · 11d ago on Sep 20, 2026· 62m 23s· 4 players
Game mode
Random Map
Map size
Medium (4 player)
Population
200
Speed
Normal
Resources
Standard
Victory
Conquest
Starting age
Dark Age
Ending age
Imperial Age
RankedLock teamsTeams togetherTeam positionsShared explorationLock speedFull tech treeHidden civsTurbo modeCheats
Victory
Defeat
🇦🇷 Chinese · Argentina
1053
+15
🇫🇷 Turks · France
1043
+15
🇩🇪 Ethiopians · Germany
1032
-15
🇩🇪 Mongols · Germany
1030
-15
MRKijantscho
1:05 Loom
14:44 Feudal Age
18:42 Castle Age
17:09 Stone Mining
17:32 Scale Mail Armor
17:21 Horse Collar
17:32 Double-Bit Axe
18:11 Man-at-Arms
20:43 Wheelbarrow
23:55 Heavy Plow
23:59 Fletching
25:14 Bow Saw
29:06 Imperial Age
27:01 Gold Mining
28:19 Hand Cart
27:55 Town Watch
30:06 Bodkin Arrow
30:12 Scale Mail Armor
31:19 Forging
33:43 Squires
33:29 Arson
34:50 Bracer
34:51 Padded Archer Armor
35:13 Crossbowman
36:11 Thumb Ring
36:58 Arbalester
37:00 Elite Skirmisher
38:32 Leather Archer Armor
38:41 Ballistics
41:01 Two-Man Saw
41:17 Chemistry
42:20 Conscription
42:50 Torsion Engines
44:48 Ring Archer Armor
45:52 Siege Engineers
53:00 Scale Barding Armor
55:05 Chain Mail Armor
55:26 Iron Casting
54:36 Halberdier
55:38 Halberdier
DaSpin789
1:45 Loom
10:50 Feudal Age
15:24 Castle Age
13:38 Horse Collar
13:47 Double-Bit Axe
16:59 Wheelbarrow
23:08 Hand Cart
23:38 Caravan
24:44 Squires
24:31 Arson
24:56 Heavy Plow
25:11 Gold Mining
25:12 Stone Mining
27:18 Man-at-Arms
29:14 Stone Shaft Mining
29:25 Gold Shaft Mining
28:38 Long Swordsman
29:57 Bow Saw
30:09 Fletching
31:39 Ballistics
34:36 Imperial Age
32:32 Bloodlines
33:14 Bodkin Arrow
33:20 Padded Archer Armor
34:08 Forging
33:59 Scale Mail Armor
33:22 Pikeman
34:24 Murder Holes
35:09 Onager
35:40 Two-Handed Swordsman
37:10 Leather Archer Armor
36:56 Bracer
36:34 Light Cavalry
37:15 Husbandry
38:31 Conscription
38:31 Drill
38:12 Nomads
37:53 Capped Ram
38:24 Hussar
40:34 Iron Casting
41:14 Champion
42:58 Blast Furnace
41:42 Cavalier
42:47 Chain Mail Armor
44:20 Scale Barding Armor
43:51 Siege Onager
44:49 Elite Mangudai
46:09 Chain Barding Armor
54:56 Siege Ram
60:16 Sappers
vehera95
0:26 Loom
13:17 Feudal Age
13:44 Horse Collar
13:52 Double-Bit Axe
20:00 Stone Mining
20:03 Gold Mining
23:11 Castle Age
21:48 Wheelbarrow
21:34 Bloodlines
22:45 Fletching
24:06 Bodkin Arrow
26:06 Bow Saw
33:01 Imperial Age
31:39 Thumb Ring
31:54 Husbandry
31:59 Padded Archer Armor
34:19 Parthian Tactics
34:21 Heavy Cavalry Archer
37:49 Two-Man Saw
37:32 Gold Shaft Mining
37:16 Hand Cart
37:03 Bracer
39:06 Conscription
39:35 Ballistics
39:49 Leather Archer Armor
40:00 Sipahi
39:50 Heavy Plow
40:25 Guilds
41:46 Caravan
42:08 Forging
42:03 Scale Barding Armor
43:25 Artillery
44:31 Iron Casting
44:27 Ring Archer Armor
44:17 Chain Barding Armor
44:47 Heavy Cavalry Archer
46:45 Blast Furnace
46:05 Chain Barding Armor
55:42 Scale Mail Armor
56:05 Chain Barding Armor
57:05 Town Watch
58:01 Plate Barding Armor
57:56 Town Patrol
62:21 Masonry
PH4L4NX
0:31 Loom
13:53 Feudal Age
18:55 Castle Age
17:22 Horse Collar
17:29 Double-Bit Axe
18:00 Stone Mining
26:47 Stone Shaft Mining
28:10 Wheelbarrow
27:22 Town Watch
27:40 Heavy Plow
27:52 Bow Saw
33:14 Imperial Age
31:01 Hand Cart
33:26 Fletching
33:43 Padded Archer Armor
33:34 Elite Chu Ko Nu
35:17 Conscription
36:00 Bodkin Arrow
36:20 Leather Archer Armor
37:10 Two-Man Saw
36:38 Town Patrol
37:17 Ballistics
37:09 Bracer
37:25 Thumb Ring
37:29 Elite Skirmisher
38:48 Ring Archer Armor
39:55 Forging
43:02 Gold Mining
43:50 Iron Casting
43:21 Scale Barding Armor
44:30 Chemistry
43:41 Masonry
44:38 Great Wall
44:57 Light Cavalry
45:50 Bloodlines
47:15 Caravan
51:18 Husbandry
50:38 Cavalier
52:53 Pikeman
53:34 Squires
54:37 Blast Furnace
53:37 Scale Mail Armor
53:58 Chain Barding Armor
58:30 Capped Ram
61:26 Siege Ram
Connection lost

Rejoining the realm…

Still unreachable

The connection could not be restored.

Session expired

The server has moved on; the page needs a fresh start.